 Dungeon Crawl Stone Soup version 0.28-a0-1506-g3893175d92 (webtiles) character file.

Game seed: 246347658768174491

140 lunkers the Covert (level 5, -2/39 HPs)
             Began as a Vampire Delver on Jan 13, 2022.
             Slain by a troll (3 damage)
             ... on level 5 of the Dungeon.
             The game lasted 00:04:35 (2513 turns).

lunkers the Covert (Vampire Delver)                 Turns: 2513, Time: 00:04:36

Health: -2/39      AC:  5    Str: 11    XL:     5   Next: 2%
Magic:  5/5        EV: 11    Int: 15    God:
Gold:   141        SH:  3    Dex: 15    Spells: 4/4 levels left

rFire   . . .      SeeInvis +   a - +0 short sword
rCold   + . .      Faith    .   k - +0 buckler
rNeg    . . .      Spirit   .   b - +0 leather armour
rPois   .          Reflect  .   (no helmet)
rElec   .          Harm     .   v - +1 cloak
rCorr   .          Rampage  .   (no gloves)
Will    +....                   (no boots)
Stlth   ++++......              (no amulet)
HPRegen 0.33/turn               j - ring of protection from cold
MPRegen 0.09/turn               n - ring of willpower

@: healing quickly, invisible
A: alive, fangs 3, see invisible, vampiric 2
a: Exsanguinate


You were on level 5 of the Dungeon.
You visited 1 branch of the dungeon, and saw 5 of its levels.

You collected 141 gold pieces.

Inventory:

Hand Weapons
 a - a +0 short sword (weapon)
Armour
 b - a +0 leather armour (worn)
 k - a +0 buckler (worn)
 l - a scarf of harm
 v - a +1 cloak (worn)
Jewellery
 i - a ring of poison resistance
 j - a ring of protection from cold (left hand)
 n - a ring of willpower (right hand)
Wands
 g - a wand of digging (3)
Scrolls
 c - 2 scrolls of fog
 d - a scroll of magic mapping
 e - 2 scrolls of fear
 h - a scroll of torment {unknown}
 r - 3 scrolls of teleportation
Potions
 f - a potion of haste
 m - 2 potions of brilliance
 o - a potion of might {unknown}
 q - a potion of mutation {unknown}
 s - 2 potions of magic
 t - a potion of invisibility
 u - 2 potions of attraction


   Skills:
 - Level 2.6 Fighting
 + Level 3.5 Short Blades
 - Level 2.1 Dodging
 + Level 9.7 Stealth


You had 4 spell levels left.
You didn't know any spells.
Your spell library contained the following spells:

 Spells                   Type           Power      Damage    Failure   Level
 Sting                    Tmut/Pois      0%         1d3       45%         1
 Poisonous Vapours        Pois/Air       0%         N/A       58%         2
 Frozen Ramparts          Ice            0%         1d2       83%         3
 Ice Form                 Ice/Tmut       0%         N/A       99%         4
 Olgreb's Toxic Radiance  Pois           0%         N/A       99%         4
 Summon Ice Beast         Ice/Summ       0%         N/A       99%         4


Dungeon Overview and Level Annotations

Branches:
Dungeon (5/15)
 Temple: D:4-7

Altars:
Hepliaklqana

Shops:
D:3 [


Innate Abilities, Weirdness & Mutations

Your natural rate of healing is accelerated.
You have razor-sharp teeth.
You have supernaturally acute eyesight. (SInv)
You are afflicted with vampirism and can become a bat while bloodless.


Message History

You closely miss the white imp.
The white imp is heavily wounded.
The white imp gestures at you. The puff of frost hits you. You resist.
* * * LOW HITPOINT WARNING * * *
You hit the white imp.
The white imp is almost dead.
The white imp hits you but does no damage.
You hit the white imp.
You kill the white imp!
You have reached level 5!
You feel clever.
Unknown command.
Unknown command.
Search for what [? for help]? weap HP restored.
You open the door.
Found a hazy altar of Hepliaklqana.
There is an open door here.
There is an open door here.
You open the door.
There is an open door here.
A troll comes into view.
A troll is nearby!
A troll is nearby!
Found a potion of degeneration.
The troll closely misses you. The troll claws you. The troll claws you!
You barely miss the troll. The troll misses you. The troll claws you. x2
You hit the troll but do no damage. You bite the troll, but do no damage.
The troll bites you!
* * * LOW HITPOINT WARNING * * *
The troll claws you.
* * * LOW HITPOINT WARNING * * *
The troll closely misses you.
Okay, then.
You fade into invisibility!
The troll bites you!
* * * LOW HITPOINT WARNING * * *
You block the troll's attack. The troll claws you.
You die...

#...... #.....! #......
######## #.... .......#
#...
.......########.######
.....................#
................@....#
...............#.T......
...............#........
.[.............#........
...............###...##.
#.....########## ...#
#.....# ....# #.....#
....# #.....#


You could see a troll.

Vanquished Creatures
  A jelly (D:5)
  5 adders
  A white imp (D:5)
  An adder zombie (D:5)
  2 dart slugs
  An orc (D:2)
  6 ball pythons
  5 endoplasms
  A giant cockroach (D:1)
  5 goblins
  4 hobgoblins
  A kobold (D:2)
  5 quokkas
  5 bats
  3 frilled lizards
  3 rats
49 creatures vanquished.

Notes
Turn   | Place    | Note
-------+----------+-------------------------------------------
     0 | D:5      | lunkers the Vampire Delver began the quest for the Orb.
     0 | D:5      | Reached XP level 1. HP: 17/17 MP: 1/1
   229 | D:3      | Reached skill level 8 in Stealth
   229 | D:3      | Reached XP level 2. HP: 16/23 MP: 2/2
   509 | D:2      | Found a faded altar of an unknown god.
   537 | D:2      | Gained mutation: You are afflicted with vampirism and can
                  | become a bat while bloodless. [Vampire growth]
   537 | D:2      | Reached XP level 3. HP: 28/28 MP: 3/3
   788 | D:2      | Reached skill level 9 in Stealth
  1106 | D:2      | Reached XP level 4. HP: 34/34 MP: 4/4
  2151 | D:3      | Found Equwneqi's Armour Emporium.
  2184 | D:3      | You fall into a shaft and drop 2 floors!
  2361 | D:5      | Reached XP level 5. HP: 8/39 MP: 5/5
  2466 | D:5      | Found a hazy altar of Hepliaklqana.
  2505 | D:5      | Noticed a troll
  2513 | D:5      | HP: 1/39 [troll (7)]
  2513 | D:5      | Slain by a troll

Illustrated notes

Levels and vault maps discovered:
D:1:      sevenhm_arrival_forest_fort_small_5, layout_basic, hex_tiny
D:2:      layout_basic, dilly_ecumenical_altar_fadedgnrine
D:3:      layout_rooms, nicolae_uskayaw_suspiria, serial_shops,
          nicolae_shop_window_shopping
D:4:      layout_basic, lemuel_crystal_altar, makhleb_blood_cavern_becter,
          serial_shops, shop, uniq_ijyb
D:5:      layout_gridville, worldfamousw_hep_ancestral_shrine, dk_noncrumbling_3

Skill      XL: |  1  2  3  4 |
---------------+-------------+-----
Stealth        | 8 9 |  9.7
Short Blades   | 3 |  3.5
Fighting       | |  2.6
Dodging        | |  2.1

Action                   |  1- 3 |  4- 6 || total
-------------------------+-------+-------++-------
Melee: Short sword       |   120 |    66 ||   186
       Bite              |     8 |     4 ||    12
  Use: Scroll            |       |     8 ||     8
       Potion            |       |     1 ||     1
 Stab: Sleeping          |     5 |    13 ||    18
Armor: Leather armour    |    28 |    15 ||    43
Dodge: Dodged            |    71 |    20 ||    91
Block: Buckler           |    12 |    10 ||    22

Table legend: (Time is in decaauts)
 A = Elapsed time spent in this place.
 B = Non-inter-level travel time spent in this place.
 C = Inter-level travel time spent in this place.
 D = Time resting spent in this place.
 E = Time spent auto-exploring this place.
 F = Levels seen in this place.
 G = Mean time per level.
                   A        B        C        D        E       F      G
               +--------+--------+--------+--------+--------+-----+--------+
         Total |   2520 |   2443 |     77 |      0 |   1928 |   5 |  504.0 |
       Dungeon |   2520 |   2443 |     77 |      0 |   1928 |   5 |  504.0 |
               +--------+--------+--------+--------+--------+-----+--------+

Top non-repeatable levels by time:
     D:2: 977 daAuts
     D:1: 704 daAuts
     D:5: 417 daAuts
     D:3: 346 daAuts
     D:4: 74 daAuts
